 Dungeon Crawl Stone Soup version 0.28.0-53-g5a82cb258f (webtiles) character file.

Game seed: 4951658004389819701

406 Sin92 the Skirmisher (level 6, -1/48 HPs)
             Began as a Demonspawn Fighter on June 6, 2022.
             Slain by an orc
             ... wielding a +2 hand axe of distortion
              (7 damage)
             ... on level 5 of the Dungeon.
             The game lasted 00:03:32 (4320 turns).

Sin92 the Skirmisher (Demonspawn Fighter)           Turns: 4320, Time: 00:03:33

Health: -1/48      AC: 10    Str: 19    XL:     6   Next: 56%
Magic:  6/6        EV: 10    Int:  9    God:
Gold:   195        SH:  5    Dex: 18    Spells: 5/5 levels left

rFire   . . .      SeeInvis .   a - +1 flail
rCold   . . .      Faith    .   c - +0 buckler
rNeg    . . .      Spirit   .   b - +0 scale mail
rPois   .          Reflect  .   (helmet restricted)
rElec   .          Harm     .   e - +0 cloak
rCorr   .          Rampage  .   (no gloves)
Will    .....                   j - +1 pair of boots
Stlth   ..........              (no amulet)
HPRegen 0.16/turn               g - +6 ring of dexterity
MPRegen 0.10/turn               (no ring)

@: no status effects
A: antennae 1, foul stench 1, spiny 2
a: no special abilities


You were on level 5 of the Dungeon.
You visited 1 branch of the dungeon, and saw 5 of its levels.

You collected 226 gold pieces.
You spent 31 gold pieces at shops.

Inventory:

Hand Weapons
 a - a +1 flail (weapon)
Armour
 b - a +0 scale mail (worn)
 c - a +0 buckler (worn)
 e - a +0 cloak (worn)
 j - a +1 pair of boots (worn)
 k - a scarf of harm
Jewellery
 g - a +6 ring of dexterity (left hand)
 h - a ring of fire
Wands
 d - a wand of flame (32)
Potions
 f - a potion of lignification {unknown}
 i - 3 potions of curing
 l - 3 potions of heal wounds
 o - 3 potions of cancellation {unknown}
 p - a potion of attraction {unknown}


   Skills:
 + Level 4.0 Fighting
 * Level 4.0 Maces & Flails
 + Level 3.6 Armour
 + Level 2.1 Dodging
 + Level 3.6 Shields


You had 5 spell levels left.
You didn't know any spells.
Your spell library contained the following spells:

 Spells                   Type           Power      Damage    Failure   Level
 Ozocubu's Armour         Ice            0%         N/A       99%         3
 Tukima's Dance           Hex            0%         N/A       99%         3
 Passage of Golubria      Tloc           0%         N/A       100%        4
 Yara's Violent Unravell  Hex/Tmut       0%         3d3       100%        5
 Ozocubu's Refrigeration  Ice            0%         4d5       100%        7


Dungeon Overview and Level Annotations

Branches:
Dungeon (5/15)
 Temple: D:4-7

Altars:

Shops:
D:2 *


Innate Abilities, Weirdness & Mutations

You have a pair of small antennae on your head.
You may rarely emit foul miasma when damaged in melee.
You are mostly covered in sharp spines.


Message History

The orc priest looks braver for a moment.
An orc comes into view.
It is wielding a +2 hand axe of distortion.
The orc shouts!
You hit the orc priest.
The orc priest is moderately wounded.
You hear a shout!
The orc priest closely misses you.
You hit the orc priest.
The orc priest is heavily wounded.
The orc priest mumbles some strange prayers to Beogh against you.
Beogh smites you!
An orc comes into view. It is wielding a +0 short sword.
You hear a shout!
Unknown command.
You hit the orc priest but do no damage.
The orc priest is heavily wounded.
You hear a shout!
You hear an angry hiss.
The orc priest is struck by your spines.
The orc priest hits you but does no damage.
Unknown command.
There are monsters nearby!
You closely miss the orc.
An orc priest comes into view. It is wielding a +0 flail.
Unknown command.
There are monsters nearby!
You completely miss the orc priest.
The orc priest is severely wounded.
The orc priest hits you but does no damage.
The orc hits you but does no damage.
Unknown command.
You closely miss the orc priest.
The orc priest is severely wounded.
The orc priest hits you with a +0 whip. The orc hits you but does no damage.
Space warps horribly around you!
* * * LOW HITPOINT WARNING * * *
The orc priest invokes the aid of Beogh against you.
Pain shoots through your body!
* * * LOW HITPOINT WARNING * * *
The orc hits you with a +2 hand axe of distortion!
You die...

...........#
.....<....<#
...........##
........>...#
............#
............#
............#
..........###
.......@.##
.....ooo##
.....#o##
#..##.. ##
... ..#.
.#### ##


You could see 2 orc priests and 2 orcs.

Vanquished Creatures
  A phantom (D:4)
  Crazy Yiuf (D:2)
  Ijyb (D:3)
  Terence (D:2)
  Natasha (thrice) (D:4)
  2 orc wizards
  3 gnolls (D:4)
  2 adders
  A worm (D:2)
  A dart slug (D:2)
  5 orcs
  6 bats
  4 endoplasms
  3 giant cockroaches
  5 goblins
  12 hobgoblins
  6 jackals
  A quokka (D:2)
  A ball python (D:2)
  5 frilled lizards
  8 kobolds
  5 rats
77 creatures vanquished.

Vanquished Creatures (others)
  A plant (D:1)
1 creature vanquished.

Grand Total: 78 creatures vanquished

Notes
Turn   | Place    | Note
-------+----------+-------------------------------------------
     0 | D:1      | Sin92 the Demonspawn Fighter began the quest for the Orb.
     0 | D:1      | Reached XP level 1. HP: 18/18 MP: 1/1
   237 | D:1      | Gained mutation: You may rarely emit foul miasma when
                  | damaged in melee. [demonic ancestry]
   237 | D:1      | Reached XP level 2. HP: 15/21 MP: 2/2
   899 | D:1      | Gained mutation: You are partially covered in sharp spines.
                  | [demonic ancestry]
   899 | D:1      | Reached XP level 3. HP: 15/29 MP: 3/3
  1332 | D:2      | Noticed Terence
  1341 | D:2      | Killed Terence
  1342 | D:2      | Reached skill level 1 in Dodging
  1414 | D:2      | Found Noejijom's Assorted Antiques.
  1427 | D:2      | Reached XP level 4. HP: 15/35 MP: 4/4
  1444 | D:2      | Bought a scroll labelled ZEPANOA LIPHIT for 31 gold pieces
  1881 | D:2      | Found a runed translucent door.
  1882 | D:2      | Noticed Crazy Yiuf
  1983 | D:2      | Killed Crazy Yiuf
  2470 | D:3      | Discovered your monstrous ancestry.
  2470 | D:3      | Gained mutation: You have a pair of small antennae on your
                  | head. [demonic ancestry]
  2470 | D:3      | Reached XP level 5. HP: 28/41 MP: 5/5
  2769 | D:3      | Noticed Ijyb
  2783 | D:3      | Killed Ijyb
  3290 | D:3      | Found a faded altar of an unknown god.
  3618 | D:4      | Noticed a phantom
  3628 | D:4      | Killed a phantom
  3629 | D:4      | Gained mutation: You are mostly covered in sharp spines.
                  | [demonic ancestry]
  3629 | D:4      | Reached XP level 6. HP: 46/48 MP: 6/6
  3665 | D:4      | Noticed Natasha
  3674 | D:4      | Killed Natasha
  3707 | D:4      | Noticed Natasha
  3716 | D:4      | Killed Natasha
  4220 | D:4      | Noticed Natasha
  4233 | D:4      | Killed Natasha
  4302 | D:5      | Entered Level 5 of the Dungeon
  4320 | D:5      | Slain by an orc

Illustrated notes

Levels and vault maps discovered:
D:1:      eino_arrival_druids_welcome, layout_loops_ring, kennysheep_doodads
D:2:      layout_rooms, serial_shops, shop, corexii_item_surrounded_by_moat,
          uniq_crazy_yiuf_cottage, uniq_terence
D:3:      layout_loops_corners, shapermc_ecumenical_altar_venn, uniq_ijyb
D:4:      layout_gridville, uniq_natasha
D:5:      layout_cave_pods

Skill      XL: |  1  2  3  4  5  6 |
---------------+-------------------+-----
Maces & Flails | 2 3 4 |  4.0
Armour         | 3 |  3.6
Dodging        | 1 2 |  2.1
Shields        | 3 |  3.6
Fighting       | 4 |  4.0

Action                   |  1- 3 |  4- 6 || total
-------------------------+-------+-------++-------
Melee: Flail             |   110 |   113 ||   223
  Use: Scroll            |       |     4 ||     4
       Potion            |       |     1 ||     1
Armor: Scale mail        |    50 |    50 ||   100
Dodge: Dodged            |    45 |    52 ||    97
Block: Buckler           |    33 |    26 ||    59
